 Dungeon Crawl Stone Soup version 0.20.1-1-g8b1a95d (webtiles) character file.

43 raph the Magician (level 3, -2/32 HPs)
             Began as a Troll Wizard on Oct 13, 2017.
             Killed from afar by a white imp (4 damage)
             ... with a puff of frost
             ... summoned by Natasha
             ... on level 2 of the Dungeon.
             The game lasted 00:02:00 (1274 turns).

raph the Magician (Troll Wizard)                    Turns: 1274, Time: 00:02:02

Health: -2/32      AC:  5    Str: 15    XL:     3   Next: 37%
Magic:  4/5        EV: 10    Int: 14    God:
Gold:   46         SH:  0    Dex:  9    Spells: 1/6 levels left

rFire    . . .     SeeInvis .     - Unarmed
rCold    . . .     Gourm    +   (no shield)
rNeg     . . .     Faith    .   a - +0 robe
rPois    .         Spirit   .   b - +0 hat
rElec    .         Reflect  .   (no cloak)
rCorr    .         Harm     .   (gloves unavailable)
MR       .....                  (boots unavailable)
Stlth    +.........             (no amulet)
Regen    0.5/turn               (no ring)
MPRegen  0.1/turn               (no ring)

@: slowed, very slow
A: unfitting armour, claws 3, fast metabolism 3, gourmand, regeneration 1,
shaggy fur 1, tough skin 2
a: no special abilities


You were on level 2 of the Dungeon.
You were not hungry.

You visited 1 branch of the dungeon, and saw 2 of its levels.

You collected 46 gold pieces.

Inventory:

Armour
 a - a +0 robe (worn)
 b - a +0 hat (worn)
Scrolls
 h - a scroll of recharging {unknown}
 i - a scroll of enchant armour {unknown}
 j - a scroll of identify {unknown}
 k - a scroll of remove curse {unknown}
Potions
 e - 2 potions of curing {unknown}
 f - a potion of might {unknown}
 g - a potion of heal wounds {unknown}
 l - a potion of lignification {unknown}
Books
 c - a book of Minor Magic

   Spells                             Type                      Level
   a - Magic Dart                     Conjuration                  1
   b - Blink                          Translocation                2
   c - Call Imp                       Summoning                    2
   d - Slow                           Hexes                        2
   e - Conjure Flame                  Conjuration/Fire             3
   f - Mephitic Cloud                 Conjuration/Poison/Air       3
Comestibles
 d - 2 bread rations


   Skills:
 + Level 0.5 Fighting
 + Level 1.9 Dodging
 - Level 1.0 Stealth
 * Level 1.4 Unarmed Combat
 + Level 2.2 Spellcasting
 + Level 1.1 Conjurations
 - Level 0.6 Summonings
 - Level 0.6 Translocations


You had one spell level left.
You knew the following spells:

 Your Spells              Type           Power        Failure   Level  Hunger
a - Magic Dart            Conj           #...         14%         1    #......
b - Blink                 Tloc           N/A          26%         2    ###....
c - Call Imp              Summ           #.......     26%         2    ###....


Dungeon Overview and Level Annotations

Branches:
Dungeon (2/15)

Altars:

Annotations:
D:2 Natasha


Innate Abilities, Weirdness & Mutations

You are too large for most types of armour.
You have claws for hands.
Your metabolism is lightning-fast.
You like to eat raw meat.
Your natural rate of healing is unusually fast.
You are covered in fur. (AC +1)
You have very tough skin. (AC +2)


Message History

Natasha mumbles some strange words.
Natasha stares at you and mumbles some strange words.
The magic dart hits you!
* * * LOW HITPOINT WARNING * * *
The white imp closely misses you.
The white imp hits you but does no damage.
Things that are here:
a spear; a gnoll corpse The white imp hits you but does no damage.
You see here a club.
The white imp disappears in a puff of smoke!
Natasha mewls in sadness.
Natasha casts a spell.
The white imp barely misses you. The white imp gestures at you.
The puff of frost hits you!
* * * LOW HITPOINT WARNING * * *
The white imp gestures at you. The puff of frost hits you!
You die...

#. #. #. #. #.
########
#.####......###### #
#h5..@...........#
#.##.5###.)....####.#
#...5ยง##..........#.#
#..#..##.......##.#.#
#. #..##.......##.#.#
# #..##.########.#.#
#..##....... #.#.#
#...........##.#.#
#... .......#<.#.#


You could see an iron imp, Natasha and a white imp.

Vanquished Creatures
  2 gnolls (D:2)
  An ooze (D:1)
  7 bats (D:1)
  3 goblins
  A hobgoblin (D:1)
  4 kobolds (D:1)
  A frilled lizard (D:1)
  A rat (D:1)
20 creatures vanquished.

Notes
Turn   | Place    | Note
-------+----------+-------------------------------------------
     0 | D:1      | raph the Troll Wizard began the quest for the Orb.
     0 | D:1      | Reached XP level 1. HP: 16/16 MP: 2/2
   124 | D:1      | Reached XP level 2. HP: 19/24 MP: 4/4
   608 | D:1      | Learned a level 2 spell: Blink
   611 | D:1      | Learned a level 2 spell: Call Imp
   939 | D:1      | Reached skill level 1 in Conjurations
  1186 | D:2      | Noticed Natasha
  1206 | D:2      | Reached skill level 1 in Unarmed Combat
  1260 | D:2      | Reached XP level 3. HP: 32/32 MP: 3/5
  1273 | D:2      | HP: 1/32 [white imp/puff of frost[Natasha] (8)]
  1274 | D:2      | Killed from afar by a white imp

Skill      XL: |  1  2 |
---------------+-------+-----
Conjurations   | 1 |  1.1
Unarmed Combat | 1 |  1.4
Fighting       | |  0.5
Dodging        | |  1.9
Stealth        | |  1.0
Spellcasting   | |  2.2
Summonings     | |  0.6
Translocations | |  0.6

Action                   || total
-------------------------++-------
Melee: Unarmed           ||    62
 Cast: Magic Dart        ||    13
  Eat: Chunk             ||    12
Armor: Robe              ||    39
Dodge: Dodged            ||    50
